[ AOE2 MATCH · #484667513 ]
UnrankedVietnamese vs Magyars
[ REPLAY ANALYSIS · EXTRACTED FROM THE RECORDED GAME ]
Feudal
—
Castle
—
Imperial
—
| APM avg | 24.4 |
| APM peak | 81 |
| eAPM avg | 18.3 |
| Villagers / military | 147 / 97 |
Focus
⚔️ 31.4% · 🌾 68.6%
Skirmisher ×54 · Archer ×24 · Battle Elephant ×19
Feudal
12:37
Castle
17:27
Imperial
36:38
| APM avg | 26.7 |
| APM peak | 54 |
| eAPM avg | 18.7 |
| Villagers / military | 96 / 78 |
Focus
⚔️ 26.3% · 🌾 73.7%
Chu Ko Nu ×46 · Petard ×7 · Archer ×6 · Spearman ×5 · Trebuchet (Packed) ×5 · Monk ×3
Feudal
11:22
Castle
16:33
Imperial
39:23
| APM avg | 37.1 |
| APM peak | 77 |
| eAPM avg | 19.5 |
| Villagers / military | 129 / 119 |
Focus
⚔️ 25.8% · 🌾 74.2%
Scout Cavalry ×76 · Cavalry Archer ×32 · Magyar Huszar ×6 · Monk ×4 · Archer ×1
Feudal
13:14
Castle
18:57
Imperial
—
| APM avg | 21.0 |
| APM peak | 62 |
| eAPM avg | 13.1 |
| Villagers / military | 62 / 191 |
Focus
⚔️ 51.6% · 🌾 48.4%
Spearman ×74 · Battering Ram ×48 · Militia ×34 · Scorpion ×22 · Mangonel ×13
Feudal
13:34
Castle
19:49
Imperial
—
| APM avg | 17.9 |
| APM peak | 50 |
| eAPM avg | 12.3 |
| Villagers / military | 86 / 95 |
Focus
⚔️ 39.5% · 🌾 60.5%
Spearman ×58 · Conquistador ×30 · Militia ×4 · Battering Ram ×3
Feudal
12:17
Castle
23:31
Imperial
—
| APM avg | 9.8 |
| APM peak | 24 |
| eAPM avg | 7.8 |
| Villagers / military | 72 / 33 |
Focus
⚔️ 20.8% · 🌾 79.2%
Spearman ×17 · Petard ×16
Feudal
12:33
Castle
16:30
Imperial
35:54
| APM avg | 25.8 |
| APM peak | 61 |
| eAPM avg | 16.3 |
| Villagers / military | 144 / 40 |
Focus
⚔️ 22.6% · 🌾 77.4%
Knight ×34 · Battering Ram ×5 · Monk ×1
Feudal
11:03
Castle
16:21
Imperial
—
| APM avg | 19.6 |
| APM peak | 35 |
| eAPM avg | 15.5 |
| Villagers / military | 88 / 37 |
Focus
⚔️ 22.6% · 🌾 77.4%
Knight ×14 · Mangudai ×11 · Scout Cavalry ×8 · Battering Ram ×3 · Steppe Lancer ×1
Match map
Initial resources + every placement click. Lines = walls · curves = elevation contours. ◆ gold · ⬟ stone · ● berries · ✦ relic · ◌ wall gap
Your base· ✓ Closed at 16:07 · 8t walls · 3 gate(s)
SongForBob's base· ✓ Closed at 17:27 · 0t walls · 2 gate(s)
Dozer's base· ✓ Closed at 16:33 · 0t walls · 3 gate(s)
Nimoy's base· ✓ Closed at 18:57 · 0t walls · 3 gate(s)
shannonbj7's base· ✓ Closed at 19:49 · 0t walls · 2 gate(s)
jubee2216's base· ✓ Closed at 23:31 · 0t walls · 2 gate(s)
椰子's base· ✓ Closed at 16:30 · 0t walls · 2 gate(s)
markhlegg's base· ✓ Closed at 16:21 · 3t walls · 3 gate(s)
Smoothed initial terrain · ◌ = detected wall gap · hover for details
Inputs per minute
— GERMANICO7222 - - SongForBob
Build order — GERMANICO7222
First 150 of 431 actions detected
| 0:03 | Build | House |
| 0:04 | Build | House |
| 0:05 | Create | Villager (Male) |
| 0:06 | Create | Villager (Male) |
| 0:06 | Create | Villager (Male) |
| 0:06 | Create | Villager (Male) |
| 0:06 | Create | Villager (Male) |
| 1:18 | Create | Villager (Male) |
| 1:18 | Create | Villager (Male) |
| 1:48 | Create | Villager (Male) |
| 1:49 | Create | Villager (Male) |
| 2:19 | Create | Villager (Male) |
| 2:19 | Create | Villager (Male) |
| 2:42 | Create | Villager (Male) |
| 2:42 | Create | Villager (Male) |
| 3:07 | Create | Villager (Male) |
| 3:08 | Create | Villager (Male) |
| 3:13 | Build | House |
| 3:15 | Build | House |
| 3:16 | Build | House |
| 3:17 | Build | House |
| 3:19 | Build | House |
| 3:31 | Create | Villager (Male) |
| 3:31 | Create | Villager (Male) |
| 4:06 | Build | Lumber Camp |
| 4:08 | Create | Villager (Male) |
| 4:09 | Create | Villager (Male) |
| 4:31 | Create | Villager (Male) |
| 4:31 | Create | Villager (Male) |
| 5:00 | Create | Villager (Male) |
| 5:18 | Create | Villager (Male) |
| 5:28 | Create | Villager (Male) |
| 5:46 | Create | Villager (Male) |
| 5:46 | Create | Villager (Male) |
| 5:46 | Create | Villager (Male) |
| 6:28 | Create | Villager (Male) |
| 6:49 | Create | Villager (Male) |
| 6:49 | Create | Villager (Male) |
| 7:20 | Build | Mill |
| 7:30 | Create | Villager (Male) |
| 7:52 | Create | Villager (Male) |
| 7:52 | Create | Villager (Male) |
| 7:53 | Create | Villager (Male) |
| 8:22 | Create | Villager (Male) |
| 8:41 | Build | Mill |
| 9:09 | Build | Lumber Camp |
| 9:20 | Build | Mining Camp |
| 9:46 | Research | Loom |
| 9:47 | Research | Feudal Age |
| 12:09 | Build | Farm |
| 12:09 | Build | Farm |
| 12:09 | Build | Farm |
| 12:10 | Build | Farm |
| 12:10 | Build | Farm |
| 12:10 | Build | Farm |
| 12:13 | Create | Villager (Male) |
| 12:13 | Create | Villager (Male) |
| 12:13 | Create | Villager (Male) |
| 12:14 | Create | Villager (Male) |
| 12:44 | Build | Market |
| 12:50 | Build | Blacksmith |
| 12:54 | Build | House |
| 12:56 | Build | House |
| 13:02 | Build | House |
| 13:04 | Research | Horse Collar |
| 13:05 | Research | Double-Bit Axe |
| 13:52 | Build | Farm |
| 13:53 | Build | Farm |
| 13:53 | Build | Farm |
| 13:53 | Build | Farm |
| 13:54 | Build | Farm |
| 13:54 | Build | Farm |
| 14:14 | Create | Villager (Male) |
| 14:14 | Create | Villager (Male) |
| 14:15 | Create | Villager (Male) |
| 15:11 | Build | Barracks |
| 15:21 | Build | Stone Wall |
| 15:24 | Create | Villager (Male) |
| 15:24 | Create | Villager (Male) |
| 15:36 | Build | Farm |
| 15:36 | Build | Farm |
| 15:46 | Build | Farm |
| 15:46 | Build | Farm |
| 16:07 | Research | Castle Age |
| 16:20 | Build | Archery Range |
| 16:44 | Research | Gold Mining |
| 16:58 | Build | Archery Range |
| 17:02 | Build | House |
| 17:03 | Build | House |
| 17:15 | Build | Farm |
| 17:15 | Build | Farm |
| 17:30 | Build | Farm |
| 17:33 | Build | Farm |
| 18:22 | Create | Skirmisher |
| 18:22 | Create | Skirmisher |
| 18:24 | Create | Skirmisher |
| 18:24 | Create | Skirmisher |
| 18:26 | Create | Skirmisher |
| 18:42 | Build | House |
| 18:44 | Build | House |
| 18:44 | Build | House |
| 18:50 | Research | Wheelbarrow |
| 19:14 | Build | Town Center |
| 19:27 | Create | Villager (Male) |
| 19:28 | Create | Villager (Male) |
| 19:29 | Create | Villager (Male) |
| 20:16 | Create | Villager (Male) |
| 20:17 | Create | Villager (Male) |
| 20:19 | Create | Villager (Male) |
| 20:21 | Create | Villager (Male) |
| 20:22 | Create | Villager (Male) |
| 20:24 | Create | Villager (Male) |
| 20:38 | Build | Stable |
| 21:03 | Create | Villager (Male) |
| 21:08 | Create | Villager (Male) |
| 21:10 | Create | Villager (Male) |
| 21:11 | Build | Farm |
| 21:11 | Build | Farm |
| 21:12 | Build | Farm |
| 21:23 | Create | Battle Elephant |
| 21:24 | Create | Battle Elephant |
| 21:32 | Research | Bow Saw |
| 21:37 | Research | Heavy Plow |
| 22:01 | Research | Elite Skirmisher (upgrade) |
| 22:05 | Create | Villager (Male) |
| 22:06 | Create | Villager (Male) |
| 22:07 | Create | Villager (Male) |
| 22:07 | Create | Villager (Male) |
| 22:11 | Build | Farm |
| 22:11 | Build | Farm |
| 22:12 | Build | Farm |
| 22:12 | Build | Farm |
| 22:27 | Create | Skirmisher |
| 22:27 | Create | Skirmisher |
| 22:28 | Create | Skirmisher |
| 22:48 | Build | Farm |
| 22:48 | Build | Farm |
| 22:48 | Build | Farm |
| 22:48 | Build | Farm |
| 22:48 | Build | Farm |
| 22:52 | Create | Villager (Male) |
| 22:53 | Create | Villager (Male) |
| 22:57 | Build | Farm |
| 22:57 | Build | Farm |
| 23:05 | Research | Fletching |
| 23:05 | Research | Padded Archer Armor |
| 23:19 | Create | Villager (Male) |
| 23:20 | Create | Villager (Male) |
| 23:21 | Create | Villager (Male) |
| 23:23 | Build | Farm |
Build order — SongForBob
First 150 of 261 actions detected
| 0:44 | Build | Lumber Camp |
| 1:01 | Create | Villager (Male) |
| 1:02 | Create | Villager (Male) |
| 1:58 | Create | Villager (Male) |
| 2:22 | Create | Villager (Male) |
| 2:50 | Create | Villager (Male) |
| 3:21 | Create | Villager (Male) |
| 3:21 | Create | Villager (Male) |
| 3:26 | Build | Mill |
| 3:40 | Create | Villager (Male) |
| 3:40 | Create | Villager (Male) |
| 4:03 | Create | Villager (Male) |
| 4:04 | Create | Villager (Male) |
| 4:08 | Build | House |
| 4:27 | Create | Villager (Male) |
| 4:27 | Create | Villager (Male) |
| 4:36 | Build | House |
| 4:38 | Build | House |
| 4:48 | Build | House |
| 4:50 | Create | Villager (Male) |
| 4:59 | Create | Villager (Male) |
| 5:28 | Create | Villager (Male) |
| 5:28 | Create | Villager (Male) |
| 5:36 | Create | Villager (Male) |
| 5:36 | Create | Villager (Male) |
| 5:45 | Build | House |
| 5:48 | Build | House |
| 5:49 | Build | House |
| 5:59 | Create | Villager (Male) |
| 6:00 | Create | Villager (Male) |
| 6:07 | Create | Villager (Male) |
| 6:07 | Create | Villager (Male) |
| 6:15 | Build | House |
| 6:26 | Create | Villager (Male) |
| 6:27 | Create | Villager (Male) |
| 6:40 | Build | House |
| 6:54 | Create | Villager (Male) |
| 6:54 | Create | Villager (Male) |
| 6:55 | Create | Villager (Male) |
| 7:05 | Create | Villager (Male) |
| 7:05 | Create | Villager (Male) |
| 7:06 | Create | Villager (Male) |
| 7:38 | Create | Villager (Male) |
| 7:56 | Build | Farm |
| 8:00 | Build | Farm |
| 8:03 | Research | Loom |
| 9:06 | Build | Mining Camp |
| 9:21 | Build | Mill |
| 9:53 | Research | Feudal Age |
| 10:05 | Build | Farm |
| 10:49 | Build | Mining Camp |
| 11:30 | Build | Barracks |
| 11:46 | Create | Villager (Male) |
| 11:46 | Create | Villager (Male) |
| 11:46 | Create | Villager (Male) |
| 12:27 | Create | Villager (Male) |
| 12:37 | Age | Feudal Age |
| 12:47 | Build | Market |
| 12:58 | Create | Spearman |
| 13:05 | Build | Blacksmith |
| 13:33 | Build | Farm |
| 14:17 | Build | Archery Range |
| 14:47 | Research | Castle Age |
| 14:47 | Research | Castle Age |
| 15:07 | Build | Mining Camp |
| 15:24 | Create | Archer |
| 15:24 | Create | Archer |
| 15:24 | Create | Archer |
| 15:28 | Research | Padded Archer Armor |
| 15:54 | Create | Villager (Male) |
| 16:37 | Research | Double-Bit Axe |
| 17:27 | Age | Castle Age |
| 17:30 | Build | Town Center |
| 17:55 | Build | Town Center |
| 18:02 | Create | Villager (Male) |
| 18:10 | Research | Leather Archer Armor |
| 18:33 | Create | Villager (Male) |
| 18:45 | Build | Castle |
| 18:54 | Create | Villager (Male) |
| 19:10 | Build | Farm |
| 19:38 | Research | Fletching |
| 19:43 | Build | Farm |
| 19:49 | Build | Farm |
| 20:09 | Create | Villager (Male) |
| 20:11 | Create | Villager (Male) |
| 20:12 | Create | Villager (Male) |
| 20:22 | Create | Archer |
| 20:22 | Create | Archer |
| 20:23 | Create | Archer |
| 20:29 | Create | Chu Ko Nu |
| 20:29 | Create | Chu Ko Nu |
| 20:30 | Create | Chu Ko Nu |
| 20:32 | Create | Chu Ko Nu |
| 20:32 | Create | Chu Ko Nu |
| 20:41 | Create | Petard |
| 20:41 | Create | Chu Ko Nu |
| 20:42 | Create | Chu Ko Nu |
| 20:42 | Create | Chu Ko Nu |
| 21:24 | Create | Petard |
| 21:31 | Build | Siege Workshop |
| 21:34 | Create | Villager (Male) |
| 21:45 | Create | Villager (Male) |
| 21:46 | Create | Villager (Male) |
| 22:08 | Create | Iron Pagoda |
| 22:34 | Build | Monastery |
| 23:23 | Create | Chu Ko Nu |
| 23:31 | Create | Monk |
| 24:23 | Research | Wheelbarrow |
| 24:27 | Build | House |
| 24:27 | Build | House |
| 24:27 | Build | House |
| 24:28 | Build | House |
| 24:30 | Build | Mining Camp |
| 24:39 | Create | Battering Ram |
| 24:46 | Build | Mining Camp |
| 24:59 | Create | Petard |
| 25:00 | Create | Petard |
| 25:02 | Research | Gold Mining |
| 25:04 | Research | Horse Collar |
| 25:07 | Create | Villager (Male) |
| 25:08 | Create | Villager (Male) |
| 25:10 | Build | Farm |
| 25:11 | Build | Farm |
| 25:12 | Build | Farm |
| 25:13 | Build | Farm |
| 25:27 | Build | Castle |
| 25:28 | Create | Chu Ko Nu |
| 25:28 | Create | Chu Ko Nu |
| 25:28 | Create | Chu Ko Nu |
| 26:07 | Create | Chu Ko Nu |
| 26:40 | Create | Monk |
| 26:49 | Create | Chu Ko Nu |
| 26:49 | Create | Chu Ko Nu |
| 27:04 | Research | Bodkin Arrow |
| 27:07 | Research | Heavy Plow |
| 27:13 | Build | Farm |
| 27:14 | Build | Farm |
| 27:15 | Build | Farm |
| 27:18 | Build | Farm |
| 27:21 | Build | Farm |
| 27:22 | Build | Farm |
| 27:51 | Create | Chu Ko Nu |
| 27:51 | Create | Chu Ko Nu |
| 27:52 | Create | Chu Ko Nu |
| 27:52 | Create | Chu Ko Nu |
| 27:55 | Create | Scorpion |
| 28:01 | Create | Villager (Male) |
| 28:01 | Create | Villager (Male) |
| 28:04 | Create | Chu Ko Nu |
| 28:05 | Create | Chu Ko Nu |
Build order — Dozer
First 150 of 414 actions detected
| 0:00 | Create | Villager (Male) |
| 0:01 | Create | Villager (Male) |
| 0:01 | Create | Villager (Male) |
| 0:02 | Create | Villager (Male) |
| 0:04 | Build | House |
| 0:05 | Build | House |
| 1:23 | Create | Villager (Male) |
| 1:47 | Build | Lumber Camp |
| 1:57 | Create | Villager (Male) |
| 2:31 | Create | Villager (Male) |
| 2:41 | Create | Villager (Male) |
| 3:11 | Create | Villager (Male) |
| 3:54 | Create | Villager (Male) |
| 4:02 | Create | Villager (Male) |
| 4:07 | Build | Mill |
| 4:53 | Create | Villager (Male) |
| 4:54 | Create | Villager (Male) |
| 4:54 | Create | Villager (Male) |
| 4:58 | Build | House |
| 5:01 | Research | Loom |
| 5:06 | Build | House |
| 5:08 | Create | Villager (Male) |
| 5:11 | Create | Villager (Male) |
| 5:50 | Build | Mill |
| 5:52 | Create | Villager (Male) |
| 5:54 | Create | Villager (Male) |
| 6:04 | Create | Villager (Male) |
| 6:52 | Create | Villager (Male) |
| 7:02 | Create | Villager (Male) |
| 7:17 | Create | Villager (Male) |
| 7:23 | Create | Villager (Male) |
| 8:44 | Build | Mining Camp |
| 8:54 | Research | Feudal Age |
| 9:50 | Create | Villager (Male) |
| 9:56 | Build | Farm |
| 10:01 | Build | Farm |
| 10:12 | Build | House |
| 11:22 | Age | Feudal Age |
| 11:24 | Create | Villager (Male) |
| 11:56 | Build | Market |
| 12:00 | Create | Villager (Male) |
| 12:31 | Build | Blacksmith |
| 12:38 | Create | Villager (Male) |
| 12:47 | Build | Farm |
| 12:49 | Build | Farm |
| 12:50 | Create | Villager (Male) |
| 13:05 | Create | Villager (Male) |
| 13:22 | Research | Double-Bit Axe |
| 13:31 | Research | Castle Age |
| 13:38 | Build | Lumber Camp |
| 13:43 | Create | Villager (Male) |
| 13:59 | Build | Farm |
| 14:07 | Build | Farm |
| 14:12 | Build | Farm |
| 14:25 | Research | Horse Collar |
| 14:50 | Build | House |
| 16:33 | Age | Castle Age |
| 16:40 | Build | Town Center |
| 16:43 | Create | Villager (Male) |
| 16:58 | Build | Town Center |
| 17:11 | Create | Villager (Male) |
| 17:28 | Build | Monastery |
| 17:33 | Create | Villager (Male) |
| 17:39 | Build | House |
| 17:40 | Build | House |
| 17:47 | Create | Villager (Male) |
| 17:57 | Create | Villager (Male) |
| 18:04 | Create | Villager (Male) |
| 18:08 | Create | Villager (Male) |
| 18:26 | Build | Farm |
| 18:26 | Build | Farm |
| 18:30 | Build | Farm |
| 18:31 | Create | Villager (Male) |
| 18:39 | Create | Villager (Male) |
| 18:40 | Create | Villager (Male) |
| 18:40 | Create | Villager (Male) |
| 18:48 | Create | Monk |
| 18:55 | Create | Monk |
| 18:58 | Research | Bow Saw |
| 18:59 | Create | Villager (Male) |
| 19:01 | Create | Villager (Male) |
| 19:06 | Create | Villager (Male) |
| 19:12 | Build | Barracks |
| 19:15 | Create | Villager (Male) |
| 19:17 | Create | Villager (Male) |
| 19:22 | Build | Farm |
| 19:28 | Create | Villager (Male) |
| 19:31 | Create | Villager (Male) |
| 19:35 | Create | Villager (Male) |
| 19:48 | Create | Monk |
| 19:49 | Create | Villager (Male) |
| 20:14 | Create | Villager (Male) |
| 20:27 | Build | Archery Range |
| 20:28 | Build | Archery Range |
| 20:40 | Build | Stable |
| 20:42 | Create | Villager (Male) |
| 20:44 | Create | Villager (Male) |
| 20:49 | Build | House |
| 20:50 | Build | House |
| 20:56 | Create | Monk |
| 21:07 | Create | Villager (Male) |
| 21:21 | Create | Villager (Male) |
| 21:22 | Create | Villager (Male) |
| 21:26 | Build | Farm |
| 21:26 | Build | Farm |
| 21:26 | Build | Farm |
| 21:27 | Build | Farm |
| 21:27 | Build | Farm |
| 21:28 | Build | Farm |
| 21:32 | Build | Farm |
| 21:32 | Build | Farm |
| 21:33 | Build | Farm |
| 21:34 | Build | Farm |
| 21:34 | Create | Villager (Male) |
| 21:37 | Create | Cavalry Archer |
| 21:37 | Create | Cavalry Archer |
| 21:55 | Create | Villager (Male) |
| 22:07 | Build | Farm |
| 22:08 | Build | Farm |
| 22:08 | Build | Farm |
| 22:11 | Create | Villager (Male) |
| 22:13 | Build | Farm |
| 22:14 | Build | Farm |
| 22:14 | Build | Farm |
| 22:14 | Build | Farm |
| 22:14 | Build | Farm |
| 22:16 | Build | Farm |
| 22:19 | Build | Farm |
| 22:19 | Build | Farm |
| 22:20 | Build | Farm |
| 22:31 | Create | Cavalry Archer |
| 22:31 | Create | Cavalry Archer |
| 22:32 | Create | Villager (Male) |
| 22:35 | Build | House |
| 22:36 | Build | House |
| 22:37 | Build | House |
| 22:38 | Build | House |
| 22:39 | Create | Villager (Male) |
| 22:57 | Create | Villager (Male) |
| 22:59 | Create | Villager (Male) |
| 23:03 | Create | Villager (Male) |
| 23:06 | Create | Cavalry Archer |
| 23:06 | Create | Cavalry Archer |
| 23:11 | Create | Villager (Male) |
| 23:20 | Create | Villager (Male) |
| 23:23 | Create | Cavalry Archer |
| 23:24 | Create | Villager (Male) |
| 23:34 | Build | Farm |
| 23:34 | Build | Farm |
| 23:40 | Create | Cavalry Archer |
Build order — Nimoy
First 150 of 303 actions detected
| 0:09 | Create | Villager (Male) |
| 0:09 | Research | Loom |
| 0:10 | Create | Villager (Male) |
| 0:10 | Create | Villager (Male) |
| 0:10 | Create | Villager (Male) |
| 0:11 | Create | Villager (Male) |
| 0:18 | Build | House |
| 0:21 | Build | House |
| 1:31 | Build | Mule Cart |
| 2:00 | Create | Villager (Male) |
| 2:39 | Create | Villager (Male) |
| 2:39 | Create | Villager (Male) |
| 2:58 | Create | Villager (Male) |
| 2:58 | Create | Villager (Male) |
| 3:23 | Create | Villager (Male) |
| 3:23 | Create | Villager (Male) |
| 3:49 | Create | Villager (Male) |
| 3:49 | Create | Villager (Male) |
| 4:08 | Create | Villager (Male) |
| 4:08 | Create | Villager (Male) |
| 4:08 | Create | Villager (Male) |
| 4:25 | Build | House |
| 4:29 | Build | House |
| 4:32 | Build | House |
| 4:34 | Build | House |
| 4:48 | Create | Villager (Male) |
| 4:48 | Create | Villager (Male) |
| 4:49 | Create | Villager (Male) |
| 4:49 | Create | Villager (Male) |
| 4:49 | Create | Villager (Male) |
| 5:11 | Create | Villager (Male) |
| 5:11 | Create | Villager (Male) |
| 5:28 | Create | Villager (Male) |
| 5:28 | Create | Villager (Male) |
| 5:45 | Build | Mill |
| 6:04 | Create | Villager (Male) |
| 6:04 | Create | Villager (Male) |
| 6:04 | Create | Villager (Male) |
| 6:28 | Create | Villager (Male) |
| 6:28 | Create | Villager (Male) |
| 6:28 | Create | Villager (Male) |
| 6:44 | Build | Farm |
| 6:59 | Create | Villager (Male) |
| 7:00 | Create | Villager (Male) |
| 7:00 | Create | Villager (Male) |
| 7:16 | Create | Villager (Male) |
| 7:16 | Create | Villager (Male) |
| 7:16 | Create | Villager (Male) |
| 7:31 | Build | Mule Cart |
| 7:37 | Create | Villager (Male) |
| 7:37 | Create | Villager (Male) |
| 7:37 | Create | Villager (Male) |
| 8:16 | Build | Mule Cart |
| 9:04 | Build | Farm |
| 9:18 | Create | Villager (Male) |
| 9:19 | Create | Villager (Male) |
| 9:29 | Build | Farm |
| 9:40 | Create | Villager (Male) |
| 9:57 | Build | Mule Cart |
| 10:17 | Create | Villager (Male) |
| 10:22 | Build | Farm |
| 10:38 | Research | Feudal Age |
| 10:46 | Build | Farm |
| 11:03 | Build | Farm |
| 11:29 | Build | House |
| 11:32 | Build | House |
| 11:38 | Create | Villager (Male) |
| 11:38 | Create | Villager (Male) |
| 11:39 | Create | Villager (Male) |
| 11:39 | Create | Villager (Male) |
| 11:39 | Create | Villager (Male) |
| 11:54 | Build | House |
| 11:57 | Build | House |
| 13:14 | Age | Feudal Age |
| 13:21 | Research | Double-Bit Axe |
| 13:25 | Research | Gold Mining |
| 13:44 | Build | Barracks |
| 14:14 | Build | Blacksmith |
| 14:55 | Build | House |
| 14:58 | Build | House |
| 15:01 | Build | House |
| 15:11 | Build | Market |
| 15:13 | Research | Man-at-Arms (upgrade) |
| 15:16 | Research | Arson |
| 15:40 | Build | Barracks |
| 16:17 | Research | Castle Age |
| 16:54 | Build | Watch Tower |
| 17:13 | Research | Long Swordsman (upgrade) |
| 17:34 | Create | Militia |
| 17:34 | Create | Militia |
| 17:35 | Create | Militia |
| 17:58 | Create | Militia |
| 17:58 | Create | Militia |
| 18:16 | Create | Militia |
| 18:16 | Create | Militia |
| 18:16 | Create | Militia |
| 18:16 | Create | Militia |
| 18:16 | Create | Militia |
| 18:41 | Create | Militia |
| 18:41 | Create | Militia |
| 18:41 | Create | Militia |
| 18:57 | Age | Castle Age |
| 19:06 | Build | Siege Workshop |
| 19:21 | Research | Two-Handed Swordsman (upgrade) |
| 19:36 | Create | Battering Ram |
| 19:37 | Create | Battering Ram |
| 19:43 | Research | Squires |
| 20:02 | Create | Villager (Male) |
| 20:03 | Create | Villager (Male) |
| 20:14 | Create | Scorpion |
| 20:14 | Create | Scorpion |
| 20:31 | Create | Scorpion |
| 20:32 | Create | Scorpion |
| 20:52 | Create | Militia |
| 20:52 | Create | Militia |
| 20:52 | Create | Militia |
| 20:52 | Create | Militia |
| 21:03 | Create | Militia |
| 21:04 | Create | Militia |
| 21:04 | Create | Militia |
| 21:35 | Create | Battering Ram |
| 21:35 | Create | Battering Ram |
| 21:36 | Create | Battering Ram |
| 21:58 | Create | Battering Ram |
| 21:58 | Create | Battering Ram |
| 22:13 | Build | Farm |
| 22:18 | Build | Mule Cart |
| 22:40 | Create | Battering Ram |
| 22:40 | Create | Battering Ram |
| 22:40 | Create | Battering Ram |
| 22:46 | Create | Militia |
| 22:46 | Create | Militia |
| 22:46 | Create | Militia |
| 23:29 | Create | Battering Ram |
| 23:29 | Create | Battering Ram |
| 23:29 | Create | Battering Ram |
| 23:29 | Create | Battering Ram |
| 23:35 | Create | Militia |
| 23:35 | Create | Militia |
| 23:35 | Create | Militia |
| 24:17 | Create | Battering Ram |
| 24:17 | Create | Battering Ram |
| 24:17 | Create | Battering Ram |
| 24:17 | Create | Battering Ram |
| 24:17 | Create | Battering Ram |
| 24:47 | Create | Militia |
| 24:47 | Create | Militia |
| 24:47 | Create | Militia |
| 24:48 | Create | Militia |
| 24:48 | Create | Militia |
Build order — shannonbj7
First 150 of 261 actions detected
| 0:02 | Create | Villager (Male) |
| 0:02 | Create | Villager (Male) |
| 0:04 | Build | House |
| 0:06 | Build | House |
| 0:26 | Create | Villager (Male) |
| 0:26 | Create | Villager (Male) |
| 1:29 | Create | Villager (Male) |
| 1:29 | Create | Villager (Male) |
| 2:17 | Create | Villager (Male) |
| 2:17 | Create | Villager (Male) |
| 2:36 | Create | Villager (Male) |
| 2:48 | Build | Lumber Camp |
| 3:05 | Create | Villager (Male) |
| 3:08 | Research | Loom |
| 3:16 | Build | House |
| 3:26 | Create | Villager (Male) |
| 3:26 | Create | Villager (Male) |
| 3:43 | Create | Villager (Male) |
| 3:43 | Create | Villager (Male) |
| 4:11 | Create | Villager (Male) |
| 4:12 | Create | Villager (Male) |
| 5:08 | Create | Villager (Male) |
| 5:09 | Create | Villager (Male) |
| 5:22 | Build | Mill |
| 5:26 | Create | Villager (Male) |
| 5:26 | Create | Villager (Male) |
| 6:42 | Create | Villager (Male) |
| 6:42 | Create | Villager (Male) |
| 7:10 | Build | Mining Camp |
| 8:00 | Create | Villager (Male) |
| 8:00 | Create | Villager (Male) |
| 8:01 | Create | Villager (Male) |
| 8:01 | Create | Villager (Male) |
| 8:10 | Build | House |
| 8:12 | Build | House |
| 8:16 | Create | Villager (Male) |
| 8:44 | Create | Villager (Male) |
| 8:44 | Create | Villager (Male) |
| 9:08 | Build | Lumber Camp |
| 9:18 | Build | Mining Camp |
| 9:45 | Create | Villager (Male) |
| 10:32 | Research | Feudal Age |
| 11:10 | Build | Barracks |
| 11:21 | Build | Farm |
| 11:27 | Build | Farm |
| 11:32 | Build | Farm |
| 11:39 | Build | House |
| 11:50 | Create | Villager (Male) |
| 11:51 | Create | Villager (Male) |
| 12:45 | Build | House |
| 12:50 | Build | Mill |
| 13:15 | Create | Villager (Male) |
| 13:34 | Age | Feudal Age |
| 13:38 | Research | Horse Collar |
| 13:42 | Build | Farm |
| 13:46 | Build | Farm |
| 14:27 | Build | Outpost |
| 14:31 | Build | Outpost |
| 14:46 | Research | Double-Bit Axe |
| 15:48 | Create | Villager (Male) |
| 15:48 | Create | Villager (Male) |
| 15:53 | Build | Blacksmith |
| 16:09 | Build | Market |
| 16:17 | Create | Villager (Male) |
| 16:17 | Create | Villager (Male) |
| 16:23 | Build | Mill |
| 16:37 | Build | Farm |
| 17:06 | Research | Castle Age |
| 17:15 | Build | House |
| 17:31 | Build | Farm |
| 17:38 | Research | Stone Mining |
| 17:42 | Research | Scale Barding Armor |
| 17:50 | Build | Farm |
| 17:54 | Build | Farm |
| 17:58 | Build | Farm |
| 18:21 | Create | Villager (Male) |
| 18:22 | Create | Villager (Male) |
| 18:47 | Research | Padded Archer Armor |
| 19:20 | Create | Spearman |
| 19:20 | Create | Spearman |
| 19:20 | Create | Spearman |
| 19:21 | Create | Spearman |
| 19:30 | Research | Scale Mail Armor |
| 19:47 | Create | Villager (Male) |
| 19:47 | Create | Villager (Male) |
| 19:49 | Age | Castle Age |
| 19:56 | Build | Castle |
| 20:20 | Build | Farm |
| 20:51 | Build | Barracks |
| 21:00 | Research | Chain Barding Armor |
| 21:11 | Create | Villager (Male) |
| 21:11 | Create | Villager (Male) |
| 21:12 | Create | Villager (Male) |
| 21:12 | Create | Villager (Male) |
| 21:39 | Create | Conquistador |
| 22:18 | Build | Town Center |
| 22:20 | Create | Villager (Male) |
| 22:20 | Create | Villager (Male) |
| 22:21 | Create | Villager (Male) |
| 22:42 | Create | Conquistador |
| 22:42 | Create | Conquistador |
| 22:42 | Create | Conquistador |
| 23:10 | Create | Villager (Male) |
| 23:10 | Create | Villager (Male) |
| 23:24 | Create | Villager (Male) |
| 23:24 | Create | Villager (Male) |
| 23:25 | Build | Farm |
| 23:26 | Build | Farm |
| 23:41 | Create | Villager (Male) |
| 23:53 | Build | Farm |
| 24:11 | Create | Conquistador |
| 24:11 | Create | Conquistador |
| 24:12 | Create | Conquistador |
| 24:12 | Create | Conquistador |
| 24:12 | Create | Conquistador |
| 25:09 | Create | Conquistador |
| 25:09 | Create | Conquistador |
| 25:10 | Create | Conquistador |
| 25:10 | Create | Conquistador |
| 25:10 | Create | Conquistador |
| 25:24 | Create | Villager (Male) |
| 25:25 | Create | Villager (Male) |
| 25:34 | Build | Town Center |
| 25:36 | Create | Villager (Male) |
| 25:37 | Create | Villager (Male) |
| 26:28 | Research | Pikeman (upgrade) |
| 26:28 | Research | Arson |
| 26:29 | Research | Arson |
| 26:31 | Create | Spearman |
| 26:47 | Create | Spearman |
| 26:47 | Create | Spearman |
| 26:47 | Create | Spearman |
| 26:47 | Create | Spearman |
| 26:47 | Create | Spearman |
| 26:47 | Create | Spearman |
| 27:02 | Create | Villager (Male) |
| 27:02 | Create | Villager (Male) |
| 27:02 | Create | Villager (Male) |
| 27:08 | Build | Farm |
| 27:24 | Build | Castle |
| 27:49 | Create | Conquistador |
| 27:49 | Create | Conquistador |
| 27:49 | Create | Conquistador |
| 28:31 | Create | Conquistador |
| 28:32 | Create | Conquistador |
| 28:32 | Create | Conquistador |
| 28:36 | Create | Spearman |
| 28:36 | Create | Spearman |
| 28:36 | Create | Spearman |
| 29:20 | Create | Conquistador |
Build order — jubee2216
First 150 of 178 actions detected
| 0:18 | Build | House |
| 1:05 | Build | House |
| 1:36 | Create | Villager (Male) |
| 1:36 | Create | Villager (Male) |
| 1:37 | Create | Villager (Male) |
| 1:37 | Create | Villager (Male) |
| 3:02 | Build | Settlement |
| 3:10 | Create | Villager (Male) |
| 3:10 | Create | Villager (Male) |
| 4:32 | Create | Villager (Male) |
| 5:44 | Create | Villager (Male) |
| 5:44 | Create | Villager (Male) |
| 5:45 | Create | Villager (Male) |
| 6:11 | Create | Villager (Male) |
| 6:11 | Create | Villager (Male) |
| 6:11 | Create | Villager (Male) |
| 7:01 | Create | Villager (Male) |
| 7:01 | Create | Villager (Male) |
| 8:18 | Create | Villager (Male) |
| 8:18 | Create | Villager (Male) |
| 8:18 | Create | Villager (Male) |
| 8:18 | Create | Villager (Male) |
| 8:19 | Create | Villager (Male) |
| 8:19 | Create | Villager (Male) |
| 10:07 | Research | Feudal Age |
| 11:24 | Create | Villager (Male) |
| 11:24 | Create | Villager (Male) |
| 12:17 | Age | Feudal Age |
| 12:34 | Build | Farm |
| 12:35 | Build | Farm |
| 12:36 | Build | Farm |
| 12:36 | Build | Farm |
| 12:38 | Build | Farm |
| 12:56 | Build | Farm |
| 13:01 | Research | Horse Collar |
| 14:00 | Build | Farm |
| 14:01 | Build | Farm |
| 14:27 | Research | Double-Bit Axe |
| 15:21 | Create | Villager (Male) |
| 15:21 | Create | Villager (Male) |
| 15:21 | Create | Villager (Male) |
| 15:21 | Create | Villager (Male) |
| 15:21 | Create | Villager (Male) |
| 15:30 | Research | Loom |
| 15:32 | Research | Wheelbarrow |
| 16:12 | Build | Blacksmith |
| 16:49 | Build | Farm |
| 17:17 | Build | Settlement |
| 17:48 | Build | Market |
| 18:02 | Build | Farm |
| 18:47 | Create | Villager (Male) |
| 18:48 | Create | Villager (Male) |
| 18:52 | Create | Villager (Male) |
| 18:52 | Create | Villager (Male) |
| 20:34 | Build | Barracks |
| 20:51 | Research | Castle Age |
| 20:53 | Create | Villager (Male) |
| 20:53 | Create | Villager (Male) |
| 21:20 | Build | House |
| 21:21 | Build | House |
| 21:22 | Build | House |
| 21:25 | Build | House |
| 21:27 | Build | House |
| 21:29 | Build | House |
| 21:43 | Create | Villager (Male) |
| 21:43 | Create | Villager (Male) |
| 22:47 | Research | Gold Mining |
| 22:52 | Research | Stone Mining |
| 23:00 | Research | Stone Mining |
| 23:31 | Age | Castle Age |
| 23:59 | Research | Heavy Plow |
| 24:06 | Research | Bow Saw |
| 24:33 | Build | Archery Range |
| 24:34 | Build | Archery Range |
| 24:36 | Build | Archery Range |
| 24:38 | Build | Archery Range |
| 24:47 | Build | Archery Range |
| 26:02 | Create | Villager (Male) |
| 26:02 | Create | Villager (Male) |
| 26:03 | Create | Villager (Male) |
| 26:03 | Create | Villager (Male) |
| 26:03 | Create | Villager (Male) |
| 26:05 | Create | Villager (Male) |
| 26:12 | Build | Farm |
| 26:51 | Create | Petard |
| 26:51 | Create | Petard |
| 26:51 | Create | Petard |
| 26:51 | Create | Petard |
| 26:53 | Create | Petard |
| 26:53 | Create | Petard |
| 27:14 | Build | Farm |
| 27:14 | Build | Farm |
| 27:23 | Create | Villager (Male) |
| 27:23 | Create | Villager (Male) |
| 27:28 | Build | Farm |
| 28:19 | Build | Farm |
| 28:19 | Build | Farm |
| 28:49 | Build | Farm |
| 28:54 | Build | Farm |
| 29:12 | Build | Settlement |
| 29:30 | Create | Villager (Male) |
| 29:30 | Create | Villager (Male) |
| 29:31 | Create | Villager (Male) |
| 29:31 | Create | Villager (Male) |
| 29:31 | Create | Villager (Male) |
| 29:32 | Create | Villager (Male) |
| 29:32 | Create | Villager (Male) |
| 29:32 | Create | Villager (Male) |
| 30:13 | Build | Town Center |
| 30:33 | Create | Spearman |
| 30:34 | Create | Spearman |
| 30:34 | Create | Spearman |
| 31:20 | Research | Scale Mail Armor |
| 31:21 | Research | Forging |
| 31:22 | Research | Fletching |
| 31:22 | Research | Padded Archer Armor |
| 32:14 | Create | Spearman |
| 32:14 | Create | Spearman |
| 32:15 | Create | Spearman |
| 32:15 | Create | Spearman |
| 32:15 | Create | Spearman |
| 32:31 | Build | Town Center |
| 32:50 | Build | Gate |
| 33:00 | Research | Pikeman (upgrade) |
| 33:01 | Research | Squires |
| 33:02 | Create | Spearman |
| 33:02 | Create | Spearman |
| 33:03 | Create | Spearman |
| 33:03 | Create | Spearman |
| 33:03 | Create | Spearman |
| 33:03 | Create | Spearman |
| 33:03 | Create | Spearman |
| 33:03 | Create | Spearman |
| 33:04 | Create | Spearman |
| 34:05 | Create | Villager (Male) |
| 34:05 | Create | Villager (Male) |
| 34:06 | Create | Villager (Male) |
| 34:06 | Create | Villager (Male) |
| 34:06 | Create | Villager (Male) |
| 34:06 | Create | Villager (Male) |
| 34:11 | Create | Villager (Male) |
| 34:11 | Create | Villager (Male) |
| 34:12 | Create | Villager (Male) |
| 34:12 | Create | Villager (Male) |
| 34:36 | Build | Castle |
| 35:01 | Build | Barracks |
| 35:03 | Build | Barracks |
| 35:10 | Build | Farm |
| 35:39 | Research | Thumb Ring |
| 35:41 | Create | Petard |
Build order — 椰子
First 150 of 336 actions detected
| 0:02 | Create | Villager (Male) |
| 0:02 | Create | Villager (Male) |
| 0:03 | Create | Villager (Male) |
| 0:03 | Create | Villager (Male) |
| 0:05 | Build | House |
| 0:07 | Build | House |
| 1:34 | Create | Villager (Male) |
| 1:34 | Create | Villager (Male) |
| 1:34 | Create | Villager (Male) |
| 1:59 | Create | Villager (Male) |
| 2:11 | Build | Lumber Camp |
| 2:34 | Create | Villager (Male) |
| 2:34 | Create | Villager (Male) |
| 2:34 | Create | Villager (Male) |
| 2:53 | Create | Villager (Male) |
| 2:53 | Create | Villager (Male) |
| 3:25 | Create | Villager (Male) |
| 3:26 | Create | Villager (Male) |
| 3:26 | Create | Villager (Male) |
| 4:07 | Create | Villager (Male) |
| 4:08 | Create | Villager (Male) |
| 4:30 | Build | House |
| 4:50 | Build | House |
| 4:58 | Build | House |
| 5:08 | Create | Villager (Male) |
| 5:08 | Create | Villager (Male) |
| 5:08 | Create | Villager (Male) |
| 5:09 | Create | Villager (Male) |
| 5:09 | Create | Villager (Male) |
| 5:42 | Create | Villager (Male) |
| 5:50 | Create | Villager (Male) |
| 6:33 | Create | Villager (Male) |
| 7:19 | Create | Villager (Male) |
| 7:36 | Build | Mill |
| 7:54 | Create | Villager (Male) |
| 9:08 | Create | Villager (Male) |
| 9:10 | Create | Villager (Male) |
| 9:13 | Create | Villager (Male) |
| 9:51 | Research | Feudal Age |
| 10:03 | Build | Mining Camp |
| 10:11 | Create | Villager (Male) |
| 10:12 | Create | Villager (Male) |
| 11:05 | Build | Barracks |
| 11:24 | Build | Mining Camp |
| 11:39 | Build | House |
| 12:33 | Age | Feudal Age |
| 12:49 | Build | Stable |
| 12:56 | Build | Blacksmith |
| 13:24 | Research | Double-Bit Axe |
| 13:50 | Research | Castle Age |
| 13:50 | Research | Castle Age |
| 13:50 | Research | Castle Age |
| 14:15 | Build | Lumber Camp |
| 14:42 | Create | Villager (Male) |
| 14:43 | Create | Villager (Male) |
| 16:25 | Research | Bow Saw |
| 16:27 | Research | Horse Collar |
| 16:30 | Age | Castle Age |
| 16:42 | Build | Town Center |
| 16:52 | Research | Heavy Plow |
| 17:01 | Build | Farm |
| 17:01 | Build | Farm |
| 17:01 | Build | Farm |
| 17:01 | Build | Farm |
| 17:02 | Build | Farm |
| 17:05 | Build | Farm |
| 17:05 | Build | Farm |
| 17:10 | Build | Farm |
| 17:11 | Build | Farm |
| 17:11 | Build | Farm |
| 18:14 | Create | Villager (Male) |
| 18:14 | Create | Villager (Male) |
| 18:14 | Create | Villager (Male) |
| 18:14 | Create | Villager (Male) |
| 18:28 | Build | House |
| 18:30 | Build | House |
| 18:31 | Build | House |
| 18:45 | Create | Villager (Male) |
| 19:03 | Build | Farm |
| 19:04 | Build | Farm |
| 19:04 | Build | Farm |
| 19:04 | Build | Farm |
| 19:09 | Create | Villager (Male) |
| 19:25 | Build | House |
| 19:27 | Build | House |
| 19:27 | Build | House |
| 19:29 | Create | Villager (Male) |
| 19:29 | Create | Villager (Male) |
| 19:50 | Build | Farm |
| 19:54 | Create | Villager (Male) |
| 20:02 | Create | Villager (Male) |
| 20:02 | Create | Villager (Male) |
| 20:10 | Build | Farm |
| 20:10 | Build | Farm |
| 20:11 | Build | Farm |
| 20:11 | Build | Farm |
| 20:11 | Build | Farm |
| 20:11 | Build | Farm |
| 20:15 | Create | Villager (Male) |
| 20:34 | Create | Villager (Male) |
| 20:34 | Create | Villager (Male) |
| 20:51 | Create | Villager (Male) |
| 20:51 | Create | Villager (Male) |
| 21:06 | Create | Villager (Male) |
| 21:06 | Create | Villager (Male) |
| 21:07 | Create | Villager (Male) |
| 21:19 | Build | Town Center |
| 21:32 | Create | Villager (Male) |
| 21:33 | Create | Villager (Male) |
| 21:46 | Create | Villager (Male) |
| 21:53 | Build | House |
| 21:55 | Build | House |
| 22:06 | Build | Monastery |
| 22:11 | Create | Villager (Male) |
| 22:11 | Create | Villager (Male) |
| 22:11 | Create | Villager (Male) |
| 22:29 | Create | Villager (Male) |
| 22:29 | Create | Villager (Male) |
| 22:44 | Build | University |
| 22:50 | Create | Villager (Male) |
| 23:05 | Build | Castle |
| 23:14 | Create | Villager (Male) |
| 23:15 | Create | Villager (Male) |
| 23:16 | Create | Villager (Male) |
| 23:17 | Create | Villager (Male) |
| 23:43 | Create | Villager (Male) |
| 23:43 | Create | Villager (Male) |
| 24:01 | Create | Villager (Male) |
| 24:05 | Create | Villager (Male) |
| 24:10 | Create | Monk |
| 24:29 | Create | Villager (Male) |
| 24:29 | Create | Villager (Male) |
| 24:38 | Build | House |
| 24:40 | Build | House |
| 24:41 | Build | House |
| 24:43 | Build | House |
| 24:48 | Build | Stable |
| 24:50 | Create | Villager (Male) |
| 24:50 | Create | Villager (Male) |
| 24:51 | Create | Villager (Male) |
| 24:51 | Create | Villager (Male) |
| 24:52 | Create | Villager (Male) |
| 24:52 | Create | Villager (Male) |
| 25:00 | Build | Mill |
| 25:02 | Build | Farm |
| 25:02 | Build | Farm |
| 25:02 | Build | Farm |
| 25:03 | Build | Farm |
| 25:03 | Build | Farm |
| 25:03 | Build | Farm |
Build order — markhlegg
First 150 of 200 actions detected
| 0:02 | Create | Villager (Male) |
| 0:02 | Create | Villager (Male) |
| 0:04 | Build | House |
| 0:06 | Build | House |
| 0:28 | Create | Villager (Male) |
| 0:53 | Create | Villager (Male) |
| 1:53 | Build | Lumber Camp |
| 1:57 | Create | Villager (Male) |
| 1:57 | Create | Villager (Male) |
| 2:11 | Create | Villager (Male) |
| 2:37 | Create | Villager (Male) |
| 2:59 | Create | Villager (Male) |
| 3:13 | Build | House |
| 3:25 | Create | Villager (Male) |
| 3:55 | Create | Villager (Male) |
| 4:27 | Create | Villager (Male) |
| 4:56 | Create | Villager (Male) |
| 5:21 | Create | Villager (Male) |
| 5:29 | Build | Mill |
| 5:33 | Create | Villager (Male) |
| 5:59 | Create | Villager (Male) |
| 6:06 | Create | Villager (Male) |
| 6:43 | Build | House |
| 6:57 | Build | Mill |
| 7:04 | Create | Villager (Male) |
| 7:06 | Research | Loom |
| 7:07 | Create | Villager (Male) |
| 7:46 | Create | Villager (Male) |
| 8:06 | Create | Villager (Male) |
| 8:53 | Research | Feudal Age |
| 9:15 | Build | Mining Camp |
| 9:21 | Create | Villager (Male) |
| 9:28 | Create | Villager (Male) |
| 10:07 | Create | Villager (Male) |
| 10:54 | Build | House |
| 11:03 | Age | Feudal Age |
| 11:09 | Research | Double-Bit Axe |
| 11:30 | Build | Blacksmith |
| 11:39 | Build | Market |
| 11:57 | Research | Gold Mining |
| 12:17 | Create | Villager (Male) |
| 12:26 | Build | Farm |
| 12:30 | Build | Farm |
| 12:42 | Build | Farm |
| 12:43 | Build | Farm |
| 12:48 | Build | Farm |
| 12:53 | Build | Farm |
| 12:54 | Create | Villager (Male) |
| 13:00 | Build | Farm |
| 13:05 | Build | Farm |
| 13:09 | Build | Farm |
| 13:37 | Build | Farm |
| 13:41 | Research | Castle Age |
| 13:41 | Research | Castle Age |
| 13:41 | Research | Castle Age |
| 13:49 | Build | House |
| 13:56 | Build | Palisade Wall |
| 14:10 | Create | Villager (Male) |
| 14:17 | Build | Farm |
| 14:20 | Build | Farm |
| 15:53 | Research | Horse Collar |
| 16:21 | Age | Castle Age |
| 16:24 | Build | Town Center |
| 16:59 | Build | Town Center |
| 17:15 | Create | Villager (Male) |
| 17:15 | Create | Villager (Male) |
| 17:51 | Build | Barracks |
| 18:05 | Create | Villager (Male) |
| 18:06 | Create | Villager (Male) |
| 18:07 | Create | Villager (Male) |
| 18:08 | Create | Villager (Male) |
| 18:30 | Create | Villager (Male) |
| 18:30 | Create | Villager (Male) |
| 18:45 | Build | Stable |
| 18:57 | Create | Villager (Male) |
| 18:57 | Create | Villager (Male) |
| 18:58 | Create | Villager (Male) |
| 18:59 | Create | Villager (Male) |
| 19:06 | Create | Villager (Male) |
| 19:18 | Create | Villager (Male) |
| 19:18 | Create | Villager (Male) |
| 19:40 | Build | Palisade Wall |
| 19:47 | Build | Palisade Wall |
| 19:50 | Build | Palisade Wall |
| 20:17 | Research | Bloodlines |
| 20:19 | Create | Villager (Male) |
| 20:20 | Create | Villager (Male) |
| 20:22 | Create | Villager (Male) |
| 20:22 | Create | Villager (Male) |
| 20:30 | Build | House |
| 20:31 | Build | House |
| 20:32 | Build | House |
| 20:33 | Build | House |
| 20:34 | Build | House |
| 20:35 | Build | House |
| 20:35 | Build | House |
| 20:38 | Build | Stable |
| 21:24 | Create | Villager (Male) |
| 21:27 | Create | Scout Cavalry |
| 21:30 | Research | Light Cavalry (upgrade) |
| 21:30 | Create | Scout Cavalry |
| 22:05 | Create | Steppe Lancer |
| 22:28 | Create | Knight |
| 22:29 | Create | Knight |
| 22:55 | Build | Castle |
| 22:59 | Create | Knight |
| 22:59 | Create | Knight |
| 23:00 | Create | Scout Cavalry |
| 23:01 | Create | Scout Cavalry |
| 23:01 | Create | Scout Cavalry |
| 26:38 | Build | Mill |
| 26:38 | Build | Farm |
| 26:38 | Build | Farm |
| 26:39 | Build | Farm |
| 26:39 | Build | Farm |
| 26:51 | Create | Knight |
| 26:51 | Create | Knight |
| 26:52 | Create | Knight |
| 27:15 | Create | Knight |
| 27:16 | Create | Knight |
| 27:54 | Create | Villager (Male) |
| 27:54 | Create | Villager (Male) |
| 27:54 | Create | Villager (Male) |
| 27:55 | Create | Villager (Male) |
| 27:56 | Create | Villager (Male) |
| 27:56 | Create | Villager (Male) |
| 28:22 | Build | Siege Workshop |
| 28:24 | Create | Villager (Male) |
| 28:24 | Create | Villager (Male) |
| 28:24 | Create | Villager (Male) |
| 28:30 | Create | Villager (Male) |
| 28:45 | Build | Farm |
| 28:48 | Create | Knight |
| 28:49 | Create | Knight |
| 29:12 | Create | Villager (Male) |
| 29:12 | Create | Villager (Male) |
| 29:21 | Create | Battering Ram |
| 29:21 | Create | Battering Ram |
| 29:52 | Create | Knight |
| 29:52 | Create | Knight |
| 30:11 | Create | Scout Cavalry |
| 30:12 | Create | Villager (Male) |
| 30:12 | Create | Villager (Male) |
| 30:12 | Create | Villager (Male) |
| 30:16 | Build | Farm |
| 30:24 | Create | Villager (Male) |
| 30:25 | Create | Villager (Male) |
| 30:53 | Create | Knight |
| 31:04 | Create | Mangudai |
| 31:04 | Create | Mangudai |
Match timeline
| 11:03 | markhlegg · age_up feudal |
| 11:05 | 椰子 · first_building Barracks |
| 11:10 | shannonbj7 · first_building Barracks |
| 11:22 | Dozer · age_up feudal |
| 11:30 | SongForBob · first_building Barracks |
| 12:17 | jubee2216 · age_up feudal |
| 12:33 | 椰子 · age_up feudal |
| 12:37 | SongForBob · age_up feudal |
| 12:49 | 椰子 · first_building Stable |
| 13:14 | Nimoy · age_up feudal |
| 13:34 | shannonbj7 · age_up feudal |
| 13:44 | Nimoy · first_building Barracks |
| 13:56 | markhlegg · wall_segment Palisade Wall x3 |
| 14:17 | SongForBob · first_building Archery Range |
| 14:28 | SongForBob · first_market_buy 100 food |
| 15:11 | GERMANICO7222 · first_building Barracks |
| 15:21 | GERMANICO7222 · wall_segment Stone Wall x8 |
| 15:43 | Nimoy · first_market_buy 100 food |
| 15:47 | Nimoy · first_market_sell 100 wood |
| 16:20 | GERMANICO7222 · first_building Archery Range |
| 16:21 | markhlegg · age_up castle |
| 16:30 | 椰子 · age_up castle |
| 16:33 | Dozer · age_up castle |
| 17:27 | SongForBob · age_up castle |
| 17:28 | Dozer · first_building Monastery |
| 17:51 | markhlegg · first_building Barracks |
| 18:45 | SongForBob · first_building Castle |
| 18:45 | markhlegg · first_building Stable |
| 18:57 | Nimoy · age_up castle |
| 19:06 | Nimoy · first_building Siege Workshop |
| 19:12 | Dozer · first_building Barracks |
| 19:40 | markhlegg · wall_segment Palisade Wall x8 |
| 19:47 | markhlegg · wall_segment Palisade Wall x5 |
| 19:49 | shannonbj7 · age_up castle |
| 19:50 | markhlegg · wall_segment Palisade Wall x4 |
| 19:56 | shannonbj7 · first_building Castle |
| 20:27 | Dozer · first_building Archery Range |
| 20:34 | jubee2216 · first_building Barracks |
| 20:38 | GERMANICO7222 · first_building Stable |
| 20:40 | Dozer · first_building Stable |
| 21:31 | SongForBob · first_building Siege Workshop |
| 22:06 | 椰子 · first_building Monastery |
| 22:34 | SongForBob · first_building Monastery |
| 22:55 | markhlegg · first_building Castle |
| 23:05 | 椰子 · first_building Castle |
| 23:16 | Dozer · first_market_sell 100 wood |
| 23:31 | jubee2216 · age_up castle |
| 24:33 | jubee2216 · first_building Archery Range |
| 28:22 | markhlegg · first_building Siege Workshop |
| 29:29 | 椰子 · first_building Siege Workshop |
| 30:54 | shannonbj7 · first_building Siege Workshop |
| 31:44 | GERMANICO7222 · first_market_sell 100 food |
| 32:22 | GERMANICO7222 · first_building Monastery |
| 33:35 | Dozer · first_building Castle |
| 34:36 | jubee2216 · first_building Castle |
| 35:54 | 椰子 · age_up imperial |
| 36:06 | GERMANICO7222 · first_building Castle |
| 36:10 | Dozer · first_market_buy 100 food |
| 36:38 | SongForBob · age_up imperial |
| 38:03 | SongForBob · first_market_sell 100 food |
| 39:23 | Dozer · age_up imperial |
| 39:41 | Dozer · resign |
[ AI ANALYSIS · 1 CREDIT ]
What really happened in this match?
Wolo.gg analyzes every decision: build order, eco, micro, common mistakes by bracket. Personalized analysis on WhatsApp or Discord in 30 seconds.
Civ guide
Vietnamese
Perfil
Jugador #11801746